 Dungeon Crawl Stone Soup version 0.29.0-13-gc9e81de378 (webtiles) character file.

Game seed: 15125370734250064643

74 Renzlar the Shield-Bearer (level 4, -1/41 HPs)
             Began as a Gnoll Fighter on Sept 10, 2022.
             Slain by Grinder (2 damage)
             ... on level 3 of the Dungeon.
             The game lasted 00:05:50 (1683 turns).

Renzlar the Shield-Bearer (Gnoll Fighter)           Turns: 1683, Time: 00:05:51

Health: -1/41      AC: 12    Str: 18    XL:     4   Next: 28%
Magic:  5/5        EV:  7    Int:  7    God:
Gold:   63         SH:  5    Dex: 11    Spells: 5/5 levels left

rFire   . . .      SeeInvis .   a - +0 war axe
rCold   + . .      Faith    .   c - +0 buckler
rNeg    . . .      Spirit   .   l - +0 chain mail
rPois   +          Reflect  .   n - +1 helmet "Nukhi" {rPois rC+}
rElec   .          Harm     .   (no cloak)
rCorr   .          Rampage  .   (no gloves)
Will    .....                   (no boots)
Stlth   ..........              (no amulet)
HPRegen 0.13/turn               (no ring)
MPRegen 0.09/turn               (no ring)

@: no status effects
A: fangs 1, strong nose, distributed training
a: no special abilities


You were on level 3 of the Dungeon.
You visited 1 branch of the dungeon, and saw 3 of its levels.

You collected 63 gold pieces.

Inventory:

Hand Weapons
 a - a +0 war axe (weapon)
Armour
 b - a +0 scale mail
 c - a +0 buckler (worn)
 l - a +0 chain mail (worn)
 n - the +1 helmet "Nukhi" (worn) {rPois rC+}
   (You found it on level 2 of the Dungeon)

   rC:        It protects you from cold.
   rPois:     It protects you from poison.
Jewellery
 o - a ring of fire
Scrolls
 m - a scroll of poison
Potions
 d - a potion of might
 e - 2 potions of invisibility
 f - 2 potions of haste
 g - 3 potions of heal wounds
 h - 3 potions of cancellation {unknown}
 i - a potion of curing {unknown}


   Skills:
 + Level 6.6 Fighting
 + Level 1.1 Short Blades
 + Level 1.1 Long Blades
 + Level 4.6 Axes
 + Level 1.1 Maces & Flails
 + Level 1.1 Polearms
 + Level 1.1 Staves
 + Level 1.1 Ranged Weapons
 + Level 1.1 Throwing
 + Level 6.6 Armour
 + Level 1.1 Dodging
 + Level 1.1 Stealth
 + Level 6.6 Shields
 + Level 1.1 Unarmed Combat
 + Level 1.1 Spellcasting
 + Level 0.9 Conjurations
 + Level 0.9 Hexes
 + Level 0.9 Summonings
 + Level 0.9 Necromancy
 + Level 0.9 Translocations
 + Level 0.9 Transmutations
 + Level 0.9 Fire Magic
 + Level 0.9 Ice Magic
 + Level 0.9 Air Magic
 + Level 0.9 Earth Magic
 + Level 0.9 Poison Magic
 + Level 1.2 Invocations
 + Level 1.1 Evocations


You had 5 spell levels left.
You didn't know any spells.
Your spell library contained the following spells:

 Spells                   Type           Power      Damage    Failure   Level
 Apportation              Tloc           2%         N/A       98%         1
 Necrotise                Necr           4%         1d4       98%         1
 Summon Small Mammal      Summ           4%         N/A       98%         1
 Summon Guardian Golem    Hex/Summ       1%         N/A       100%        3
 Orb of Destruction       Conj           0%         9d5       100%        7
 Spellforged Servitor     Conj/Summ      0%         N/A       100%        7


Dungeon Overview and Level Annotations

Branches:
Dungeon (3/15)

Altars:
Gozag

Annotations:
D:3 Grinder


Innate Abilities, Weirdness & Mutations

You have very sharp teeth.
Your uncanny sense of smell can sniff out nearby items.
Your experience applies equally to all skills.


Message History

You barely miss Grinder.
Grinder is moderately wounded.
You block Grinder's attack. Grinder completely misses you.
You hit Grinder but do no damage.
Grinder is moderately wounded.
Grinder hits you.
You slash Grinder!
Grinder is severely wounded.
You block Grinder's attack.
You barely miss Grinder.
Grinder is severely wounded.
Grinder blinks!
Found 13 gold pieces.
Grinder hits you but does no damage.
You slash Grinder! You bite Grinder, but do no damage.
Grinder is almost dead.
Grinder hits you but does no damage. Grinder closely misses you.
You hit Grinder but do no damage.
Grinder is almost dead.
Grinder hits you but does no damage.
You barely miss Grinder.
Grinder is almost dead.
Grinder says, "DUCK!"
Grinder hits you but does no damage.
You hit Grinder but do no damage.
Grinder is almost dead.
Grinder hits you but does no damage.
You closely miss Grinder.
Grinder is almost dead.
Grinder gestures at you. Pain shoots through your body!
* * * LOW HITPOINT WARNING * * *
Grinder closely misses you.
Unknown command.
You barely miss Grinder. Your bite misses Grinder.
Grinder is almost dead.
Grinder hits you.
* * * LOW HITPOINT WARNING * * *
You writhe in agony.
You die...

#....<......# ....
#.........###.....
#.........# .....
#.........###....
#.............#
#########.....#
..........!.#
.#####......####
#..@.......
#..5...###+
#..........
#.....###..
....... .
..$###### #### ∆ ∆


You could see Grinder.

Vanquished Creatures
  An adder (D:2)
  A worm (D:2)
  3 dart slugs
  6 ball pythons
  6 endoplasms
  A giant cockroach (D:1)
  4 goblins (D:1)
  4 hobgoblins
  6 jackals
  4 kobolds
  4 quokkas
  3 bats
  3 frilled lizards
  6 rats
52 creatures vanquished.

Vanquished Creatures (others)
  3 plants (D:1)
3 creatures vanquished.

Grand Total: 55 creatures vanquished

Notes
Turn   | Place    | Note
-------+----------+-------------------------------------------
     0 | D:1      | Renzlar the Gnoll Fighter began the quest for the Orb.
     0 | D:1      | Reached XP level 1. HP: 23/23 MP: 1/1
    93 | D:1      | Reached XP level 2. HP: 23/29 MP: 2/2
   489 | D:1      | Reached XP level 3. HP: 35/35 MP: 3/3
   611 | D:1      | Reached skill level 1 in Invocations
   942 | D:2      | Reached skill level 1 in Short Blades
   942 | D:2      | Reached skill level 1 in Long Blades
   942 | D:2      | Reached skill level 1 in Maces & Flails
   942 | D:2      | Reached skill level 1 in Polearms
   942 | D:2      | Reached skill level 1 in Staves
   942 | D:2      | Reached skill level 1 in Ranged Weapons
   942 | D:2      | Reached skill level 1 in Throwing
   942 | D:2      | Reached skill level 1 in Dodging
   942 | D:2      | Reached skill level 1 in Stealth
   942 | D:2      | Reached skill level 1 in Unarmed Combat
   942 | D:2      | Reached skill level 1 in Spellcasting
   942 | D:2      | Reached skill level 1 in Evocations
  1068 | D:2      | Found a faded altar of an unknown god.
  1168 | D:2      | Reached XP level 4. HP: 41/41 MP: 5/5
  1306 | D:2      | Found an opulent altar of Gozag.
  1364 | D:2      | Identified the +1 helmet "Nukhi" {rPois rC+}
  1666 | D:3      | Noticed Grinder
  1683 | D:3      | HP: 1/41 [Grinder (4)]
  1683 | D:3      | Slain by Grinder

Illustrated notes

Levels and vault maps discovered:
D:1:      eino_arrival_water_star, layout_basic, chequers_serial_rivers_large_a,
          serial_bayou_ford_a
D:2:      layout_rooms, basic_altar, hellmonk_ecumenical_altar_blasted,
          minmay_bisected
D:3:      layout_basic, grunt_ministairs_10, uniq_grinder, uniq_terence

Skill      XL: |  1  2  3 |
---------------+----------+-----
Invocations    | 1 |  1.2
Short Blades   | 1 |  1.1
Long Blades    | 1 |  1.1
Maces & Flails | 1 |  1.1
Polearms       | 1 |  1.1
Staves         | 1 |  1.1
Ranged Weapons | 1 |  1.1
Throwing       | 1 |  1.1
Dodging        | 1 |  1.1
Stealth        | 1 |  1.1
Unarmed Combat | 1 |  1.1
Spellcasting   | 1 |  1.1
Evocations     | 1 |  1.1
Fighting       | |  6.6
Axes           | |  4.6
Armour         | |  6.6
Shields        | |  6.6
Conjurations   | |  0.9
Hexes          | |  0.9
Summonings     | |  0.9
Necromancy     | |  0.9
Translocations | |  0.9
Transmutations | |  0.9
Fire Magic     | |  0.9
Ice Magic      | |  0.9
Air Magic      | |  0.9
Earth Magic    | |  0.9
Poison Magic   | |  0.9

Action                   |  1- 3 |  4- 6 || total
-------------------------+-------+-------++-------
Melee: War axe           |    94 |    39 ||   133
       Bite              |    12 |     2 ||    14
  Use: Scroll            |     4 |     2 ||     6
Armor: Scale mail        |    35 |    19 ||    54
       Chain mail        |       |     6 ||     6
Dodge: Dodged            |    33 |    22 ||    55
Block: Buckler           |    16 |    12 ||    28
